 Dungeon Crawl Stone Soup version 0.20.1-1-g8b1a95d (webtiles) character file.

72 dstrtn the Skirmisher (level 4, -1/49 HPs)
             Began as an Ogre Chaos Knight on Oct 16, 2017.
             Splashed by Ijyb's acid (16 damage)
             ... on level 3 of the Dungeon.
             The game lasted 00:10:56 (2078 turns).

dstrtn the Skirmisher (Ogre Chaos Knight)           Turns: 2078, Time: 00:10:57

Health: -1/49      AC:  1    Str: 16    XL:     4   Next: 25%
Magic:  4/4        EV: 10    Int: 13    God:    Xom [....*.]
Gold:   81         SH:  0    Dex:  9    Spells: 3/3 levels left

rFire    . . .     SeeInvis .   m - +1 dagger (venom)
rCold    . . .     Gourm    .   (no shield)
rNeg     . . .     Faith    .   b - +2 robe
rPois    .         Spirit   .   (helmet restricted)
rElec    .         Reflect  .   (no cloak)
rCorr    .         Harm     .   (gloves unavailable)
MR       .....                  (boots unavailable)
Stlth    +.........             (no amulet)
Regen    0.2/turn               (no ring)
MPRegen  0.1/turn               (no ring)

@: corroded
A: unfitting armour, tough skin 1
a: Renounce Religion


You were on level 3 of the Dungeon.
You worshipped Xom.
You were a beloved toy of Xom.
You were not hungry.

You visited 1 branch of the dungeon, and saw 3 of its levels.

You collected 81 gold pieces.

Inventory:

Hand Weapons
 a - a +0 falchion of chaos
 f - a +0 dagger
 j - a +0 hunting sling
 m - a +1 dagger of venom (weapon)
Missiles
 e - 102 stones
 q - 22 sling bullets
 r - 2 tomahawks of returning (quivered)
Armour
 b - a +2 robe (worn)
Wands
 i - a wand of polymorph (13/24)
Scrolls
 h - 3 scrolls of remove curse
 o - a scroll of teleportation {unknown}
Potions
 d - a potion of invisibility {unknown}
 g - 3 potions of curing
 k - 2 potions of heal wounds {unknown}
 n - a potion of lignification {unknown}
 p - a potion of might {unknown}
Comestibles
 c - a bread ration
 l - a chunk of flesh


   Skills:
 + Level 4.9 Fighting
 * Level 3.1 Long Blades
 - Level 1.0 Throwing
 - Level 2.1 Dodging


You had 3 spell levels left.
You didn't know any spells.

Dungeon Overview and Level Annotations

Branches:
Dungeon (3/15)

Altars:
Yredelemnul
The Shining One

Annotations:
D:2 exclusion: downstairs
D:3 Ijyb


Innate Abilities, Weirdness & Mutations

You are too large for most types of armour.
You have tough skin. (AC +1)


Message History

Found a scroll labeled FEECOO MAUGG.
Ijyb shouts!
Ijyb zaps a wand.
The bolt of acid hits you! The acid corrodes you!
You are splashed with acid!
The acid burns!
You see here a scroll labeled DOYGUA BYSMURE.
Press: ? - help, v - describe, . - travel
Here: Ijyb, wielding a club, wearing a scale mail and carrying a wand of acid (?/15) {zapped: 2} The floor.
Okay, then.
Quiver which item? (- for none, * to show all) (? for menu, Esc to quit)
Okay, then.
Ijyb zaps a wand.
The bolt of acid misses you.
Ijyb grins evilly.
You see here a dagger.
Ijyb zaps a wand.
The bolt of acid misses you.
There is a stone staircase leading up here.
Ijyb zaps a wand.
The bolt of acid hits you!
You are splashed with acid!
The acid burns!
You die...
Xom chuckles heartily!

######### #@......#
#.#####.# #)# ###.##
#.##...... #........#
.#####g.#.##.## ..
...?..........###.####
.#####..#.##.#.#....(.
.......?#... # .#.....


You could see Ijyb.

Vanquished Creatures
  An adder (D:2)
  An ooze (D:1)
  3 worms
  A dart slug (D:1)
  2 leopard geckos
  3 goblins
  8 hobgoblins
  4 quokkas (D:2)
  A ball python (D:3)
  8 bats
  4 frilled lizards
  4 kobolds
  6 rats
46 creatures vanquished.

Vanquished Creatures (others)
  A quokka (D:2)
1 creature vanquished.

Grand Total: 47 creatures vanquished

Notes
Turn   | Place    | Note
-------+----------+-------------------------------------------
     0 | D:1      | dstrtn the Ogre Chaos Knight began the quest for the Orb.
     0 | D:1      | Reached XP level 1. HP: 24/24 MP: 1/1
    38 | D:1      | XOM: divination: detect items
   109 | D:1      | Reached XP level 2. HP: 33/33 MP: 2/2
   252 | D:1      | XOM: harmless Necr miscast
   416 | D:1      | Reached XP level 3. HP: 37/40 MP: 3/3
   668 | D:1      | XOM: harmless Chrm miscast
   679 | D:2      | XOM: stealth player
   691 | D:2      | XOM: noise
   712 | D:2      | XOM: smoke on damage
   757 | D:2      | XOM: smoke on damage
  1002 | D:1      | XOM: medium Hex miscast
  1170 | D:2      | Found a glowing golden altar of the Shining One.
  1175 | D:2      | Found a basalt altar of Yredelemnul.
  1209 | D:2      | XOM: mild Erth miscast
  1260 | D:2      | XOM: noise
  1292 | D:2      | XOM: potion effect (berserk rage)
  1304 | D:2      | Reached skill level 1 in Throwing
  1587 | D:2      | Reached XP level 4. HP: 48/49 MP: 4/4
  1720 | D:2      | XOM: cloud trail
  1855 | D:2      | XOM: mild Summ miscast
  1856 | D:2      | Noticed a spatial vortex
  1900 | D:3      | Noticed Ijyb
  1944 | D:2      | XOM: god gift: 2 tomahawks of returning
  2078 | D:3      | Splashed by Ijyb's acid

Skill      XL: |  1  2  3 |
---------------+----------+-----
Throwing       | 1 |  1.0
Long Blades    | 3 |  3.1
Fighting       | |  4.9
Dodging        | |  2.1

Action                   |  1- 3 |  4- 6 || total
-------------------------+-------+-------++-------
Melee: Falchion          |    50 |       ||    50
       Dagger            |   128 |    23 ||   151
Throw: Stone             |    22 |    15 ||    37
  Use: Potion            |     1 |       ||     1
       Scroll            |       |     1 ||     1
  Eat: Chunk             |     2 |     2 ||     4
Armor: Robe              |    58 |    17 ||    75
Dodge: Dodged            |    84 |    21 ||   105
       Rpst.: Falchion   |     2 |       ||     2
